 Dungeon Crawl Stone Soup version 0.28-a0-578-g717728bcc0 (webtiles) character file.

Game seed: 1012852409106608656

14891 Conn the Arsonist (level 12, 0/70 HPs)
             Began as an Octopode Fire Elementalist on Oct 2, 2021.
             Was a Priest of Sif Muna.
             Slain by a manticore (11 damage)
             ... on level 11 of the Dungeon.
             The game lasted 00:53:10 (16808 turns).

Conn the Arsonist (Octopode Fire Elementalist)     Turns: 16808, Time: 00:53:10

Health: 0/70       AC:  1    Str: 13    XL:     12   Next: 21%
Magic:  29/33      EV: 15    Int: 29    God:    Sif Muna [***...]
Gold:   916        SH:  5    Dex: 18    Spells: 5/27 levels left

rFire   + . .      SeeInvis +   a - +5 demon blade "Zoeshris" {venom, rN++ rCorr}
rCold   x . .      Faith    .   (no shield)
rNeg    + + .      Spirit   .   (helmet restricted)
rPois   .          Reflect  +   y - amulet of reflection
rElec   .          Harm     .   f - ring of see invisible
rCorr   +          Rampage  .   r - ring of fire
Will    .....                   v - ring of magical power
Stlth   ++++......              A - +6 ring of strength
HPRegen 0.21/turn               E - +6 ring of intelligence
MPRegen 0.23/turn               G - +6 ring of dexterity
                                (no ring)
                                (no ring)

@: no status effects
A: almost no armour, amphibious, 8 rings, camouflage 1, gelatinous body 1,
(nimble swimmer 1), tentacles
a: Renounce Religion, Channel Magic, Forget Spell


You were on level 11 of the Dungeon.
You worshipped Sif Muna.
Sif Muna was most pleased with you.
You visited 2 branches of the dungeon, and saw 12 of its levels.
You also visited: Ossuary.

You collected 1636 gold pieces.
You spent 720 gold pieces at shops.

Inventory:

Hand Weapons
 a - the +5 demon blade "Zoeshris" (weapon) {venom, rN++ rCorr}
   (You acquired it on level 8 of the Dungeon)

   It poisons the flesh of those it strikes.
   rN:        It greatly protects you from negative energy.
   rCorr:     It protects you from acid and corrosion.
 c - a +1 dagger
 C - a +5 dagger
Armour
 g - a +0 kite shield
Magical Staves
 H - a staff of air
Jewellery
 d - an amulet of regeneration
 f - a ring of see invisible (left tentacle)
 r - a ring of fire (right tentacle)
 v - a ring of magical power (on tentacle)
 y - an amulet of reflection (around mantle)
 A - a +6 ring of strength (on tentacle)
 E - a +6 ring of intelligence (on tentacle)
 G - a +6 ring of dexterity (on tentacle)
Wands
 s - a wand of polymorph (13)
 u - a wand of iceblast (14)
 B - a wand of flame (16)
Scrolls
 e - 3 scrolls of teleportation
 h - 2 scrolls of fear
 i - 2 scrolls of summoning
 j - 3 scrolls of amnesia
 l - 5 scrolls of enchant weapon
 o - a scroll of magic mapping
 p - 4 scrolls of identify
 F - a scroll of holy word {unknown}
Potions
 b - 4 potions of attraction
 k - 2 potions of resistance
 m - 5 potions of brilliance
 n - 3 potions of haste
 q - 6 potions of curing
 t - a potion of cancellation
 w - 2 potions of lignification
 x - a potion of might
 z - 2 potions of heal wounds
 D - a potion of flight {unknown}


   Skills:
 + Level 2.2 Fighting
 + Level 2.4(3.0) Short Blades
 + Level 2.3(2.9) Long Blades
 + Level 4.0 Dodging
 + Level 5.8 Stealth
 + Level 0.2 Shields
 + Level 8.3 Spellcasting
 * Level 7.7 Conjurations
 + Level 4.4 Hexes
 + Level 4.8 Translocations
 * Level 10.7 Fire Magic
 + Level 4.0 Ice Magic
 * Level 5.8 Invocations
 + Level 0.5 Evocations


You had 5 spell levels left.
You knew the following spells:

 Your Spells              Type           Power      Damage    Failure   Level
a - Foxfire               Conj/Fire      100%       2x1d9     1%          1
b - Conjure Flame         Conj/Fire      78%        6-21      1%          3
c - Inner Flame           Hex/Fire       71%        N/A       1%          3
d - Blink                 Tloc           N/A        N/A       1%          2
e - Scorch                Fire           100%       2d10      1%          2
f - Flame Wave            Conj/Fire      78%        3d13      1%          4
g - Ozocubu's Armour      Ice            35%        N/A       2%          3
h - Fulminant Prism       Conj/Hex       23%        3d13      3%          4

Your spell library contained the following spells:

 Spells                   Type           Power      Damage    Failure   Level
 Magic Dart               Conj           100%       1d8       1%          1
 Ensorcelled Hibernation  Hex/Ice        72%        N/A       1%          2
 Searing Ray              Conj           100%       2d8       1%          2
 Lesser Beckoning         Tloc           40%        N/A       1%          3
 Portal Projectile        Hex/Tloc       78%        N/A       1%          3
 Tukima's Dance           Hex            38%        N/A       2%          3
 Manifold Assault         Tloc           40%        N/A       17%         5
 Metabolic Englaciation   Hex/Ice        18%        N/A       22%         5
 Irradiate                Conj/Tmut      17%        3d19      26%         5
 Blade Hands              Tmut           6%         N/A       77%         5
 Excruciating Wounds      Necr           6%         N/A       77%         5
 Simulacrum               Ice/Necr       11%        N/A       96%         6
 Dragon Form              Tmut           6%         N/A       100%        7


Dungeon Overview and Level Annotations

Branches:
Dungeon (11/15)            Temple (1/1) D:7            Lair (0/6) D:9
    Orc (0/2) D:11        Ossuary (visited)

Altars:
Ashenzari
Cheibriados
Dithmenos
Elyvilon
Gozag
Hepliaklqana
Kikubaaqudgha
Makhleb
Nemelex Xobeh
Okawaru
Qazlal
Ru
Sif Muna
Trog
Uskayaw
Vehumet
Wu Jian
Xom
Yredelemnul
Zin
The Shining One

Shops:
D:6 *   D:8 [   D:9 =


Innate Abilities, Weirdness & Mutations

You cannot wear most types of armour.
You are amphibious.
You can wear up to eight rings at the same time.
Your skin changes colour to match your surroundings (Stealth+).
Your rubbery body absorbs attacks. (AC +1, EV +1)
((You are camouflaged near water. (Stealth+)))
You have tentacles for arms and can constrict up to eight enemies at once.


Message History

Unknown command.
The foxfire hits the centaur but does no damage.
The foxfire hits the centaur.
Flame seeps out of the centaur.
The centaur is moderately wounded.
The centaur is engulfed in blazing flames.
Flame seeps out of the centaur.
The foxfire hits the centaur.
Sif Muna accepts your kill.
The centaur explodes!
The fiery explosion engulfs your foxfire.
Your foxfire completely resists.
Your foxfire dissipates!
There is an open door here.
Things that are here:
a +0 shortbow; 21 arrows A manticore and a troll come into view.
There is an open door here.
The troll shouts!
The manticore barely misses you. The manticore claws you.
The manticore barely misses you.
You slash the manticore!
The manticore is poisoned.
The manticore is lightly wounded.
The manticore bites you! The manticore closely misses you.
The manticore claws you!
You hit the manticore.
The manticore looks as sick as possible!
The manticore is lightly wounded.
The manticore bites you!! The manticore barely misses you.
The manticore completely misses you.
Casting: Foxfire (safe; 1% risk of failure)
Confirm with . or Enter, or press ? or * to list all spells.
Casting: Flame Wave (dangerous; 1% risk of failure)
Press: ? - help, Dir - look around, f - activate You feel a surge of power!
A wave of flame ripples out!
The flame wave engulfs the manticore!!
The manticore is heavily wounded. (Press . to intensify the flame waves.)
The manticore bites you!!
* * * LOW HITPOINT WARNING * * *
The manticore claws you!
You die...

#...........#....#
######..##..#....#########
###.##..##..#####.........
..#.....'.......#.........
..#.....#.......#.........
..#.....#.......#.........
###..##+###.#####.........
####'##.###.###.##'#######
.............#.H@.T.'.....
)............#......#.....
.............#......# ....
##################### ###


You could see a manticore (extremely poisoned) and a troll.

Vanquished Creatures
  Snorg (D:11)
  A boulder beetle (D:11)
  Nergalle (D:10)
  Pikel (D:4)
  A cyclops (D:11)
  A centaur zombie (D:10)
  Maurice (D:8)
  2 gargoyles (D:11)
  Maggie (D:9)
  4 yaktaurs (D:11)
  2 trolls
  A hornet (D:8)
  A shadow (D:8)
  3 wyverns (D:9)
  19 yaks
  A vampire (D:11)
  A wraith (D:11)
  A basilisk (D:9)
  Grum (D:8)
  3 steam dragons
  Menkaure (Ossuary)
  2 swamp worms (D:9)
  4 water moccasins
  An ice beast (D:5)
  4 orc warriors
  2 necrophages
  3 wolves (D:8)
  8 centaurs
  2 ogres
  4 lemures (D:4)
  3 phantoms
  A kobold brigand (D:10)
  3 bullfrogs
  5 scorpions
  8 killer bees (D:11)
  3 wights (D:8)
  4 electric eels (D:8)
  Crazy Yiuf (D:2)
  4 hounds
  A bullfrog skeleton (D:7)
  4 orc priests
  7 iguanas
  Natasha (twice) (D:4)
  5 orc wizards
  Terence (D:3)
  A hound skeleton (D:5)
  3 mummies (Ossuary)
  A howler monkey zombie (D:11)
  8 gnolls
  6 adders
  3 shadow imps
  A white imp (D:5)
  An ufetubus (D:6)
  An adder skeleton (D:4)
  A dart slug (D:1)
  26 orcs
  2 endoplasms (D:1)
  A giant cockroach (D:2)
  3 gnoll zombies (Ossuary)
  9 goblins
  5 hobgoblins
  3 jackals (D:1)
  11 kobolds
  4 quokkas
  4 ball pythons
  3 bats
  A frilled lizard (D:1)
  5 gnoll skeletons (Ossuary)
  A goblin skeleton (Ossuary)
  5 goblin zombies
  5 hobgoblin skeletons (Ossuary)
  5 hobgoblin zombies (Ossuary)
  6 kobold skeletons (Ossuary)
  4 kobold zombies (Ossuary)
  5 orc skeletons (Ossuary)
  7 orc zombies (Ossuary)
  2 rats (D:2)
  3 rat skeletons (Ossuary)
  3 rat zombies
279 creatures vanquished.

Vanquished Creatures (collateral kills)
  A killer bee zombie (D:8)
  4 foxfires
5 creatures vanquished.

Vanquished Creatures (others)
  1004 foxfires
  A fulminant prism (D:11)
  4 fungi (D:9)
  87 plants
1096 creatures vanquished.

Grand Total: 1380 creatures vanquished

Notes
Turn   | Place    | Note
-------+----------+-------------------------------------------
     0 | D:1      | Conn the Octopode Fire Elementalist began the quest for the
                  | Orb.
     0 | D:1      | Reached XP level 1. HP: 11/11 MP: 3/3
   294 | D:1      | Reached XP level 2. HP: 17/17 MP: 1/5
   986 | D:2      | Found an ornate altar of the Wu Jian Council.
  1118 | D:2      | Reached XP level 3. HP: 21/21 MP: 2/6
  1353 | D:2      | Found a faded altar of an unknown god.
  1700 | D:2      | Reached XP level 4. HP: 27/27 MP: 1/7
  1728 | D:2      | Reached skill level 4 in Fire Magic
  2444 | D:2      | Found a runed translucent door.
  2445 | D:2      | Noticed Crazy Yiuf
  2452 | D:2      | Learned a level 3 spell: Conjure Flame
  2456 | D:2      | Learned a level 3 spell: Inner Flame
  2972 | D:3      | You fall into a shaft and drop 3 floors!
  2972 | D:6      | Noticed a steam dragon
  2977 | D:6      | Found an opulent altar of Gozag.
  2994 | D:6      | Noticed a bullfrog
  3000 | D:6      | Killed a bullfrog
  3001 | D:6      | Reached skill level 1 in Fighting
  3001 | D:6      | Reached XP level 5. HP: 29/33 MP: 2/8
  3033 | D:6      | Found Gozag's Platinum Reserve.
  3105 | D:6      | Noticed a necrophage
  3108 | D:6      | Found a sand-covered staircase.
  3113 | D:6      | Killed a necrophage
  3114 | D:6      | Reached skill level 1 in Hexes
  3114 | D:6      | Reached XP level 6. HP: 35/38 MP: 3/10
  3135 | D:6      | Learned a level 2 spell: Blink
  3136 | Ossuary  | Entered an ossuary
  4161 | Ossuary  | Noticed Menkaure
  4167 | Ossuary  | Killed Menkaure
  4168 | Ossuary  | Reached skill level 1 in Short Blades
  4168 | Ossuary  | Reached skill level 1 in Translocations
  4168 | Ossuary  | Reached XP level 7. HP: 10/43 MP: 2/11
  4391 | D:6      | Learned a level 2 spell: Scorch
  4467 | D:6      | Reached skill level 5 in Fire Magic
  4646 | D:5      | Entered Level 5 of the Dungeon
  5084 | D:3      | Noticed Terence
  5092 | D:3      | Killed Terence
  5321 | D:2      | Killed Crazy Yiuf
  5536 | D:4      | Noticed Natasha
  5540 | D:4      | Killed Natasha
  5766 | D:4      | Noticed Pikel
  6092 | D:5      | Reached XP level 8. HP: 48/48 MP: 6/14
  7168 | D:4      | Noticed Natasha
  7247 | D:4      | Killed Natasha
  7248 | D:4      | Reached skill level 6 in Fire Magic
  7352 | D:4      | Killed Pikel
  7353 | D:4      | Reached skill level 5 in Spellcasting
  7539 | D:5      | Reached XP level 9. HP: 28/53 MP: 9/16
  7818 | D:5      | Reached skill level 5 in Stealth
  8554 | D:6      | Reached skill level 7 in Fire Magic
  9010 | D:7      | Reached skill level 5 in Conjurations
  9272 | D:7      | Found a staircase to the Ecumenical Temple.
  9279 | Temple   | Entered the Ecumenical Temple
  9333 | Temple   | Became a worshipper of Sif Muna the Loreminder
  9830 | D:8      | Noticed Maurice
 10023 | D:8      | Noticed Grum
 10037 | D:8      | Killed Grum
 10191 | D:8      | Found Beacef's Armour Emporium.
 10385 | D:8      | Reached skill level 1 in Invocations
 10385 | D:8      | Reached XP level 10. HP: 44/60 MP: 0/19
 10625 | D:8      | Killed Maurice
 10626 | D:8      | Reached skill level 8 in Fire Magic
 10636 | D:8      | Paralysed by a hornet for 3 turns
 10815 | D:8      | Reached * piety under Sif Muna
 11215 | D:8      | Identified 2 scrolls of acquirement
 11215 | D:8      | Acquired the +5 demon blade "Zoeshris" {venom, rN++ rCorr}
 11218 | D:8      | Acquired 1020 gold pieces
 11226 | D:8      | Learned a level 4 spell: Flame Wave
 11230 | D:8      | Learned a level 3 spell: Ozocubu's Armour
 11236 | D:8      | Learned a level 4 spell: Fulminant Prism
 11610 | D:9      | Identified the +6 rapier "Kubi Oro" {freeze, Dex+4}
 11623 | D:9      | Noticed Maggie
 11637 | D:9      | Killed Maggie
 11638 | D:9      | Reached skill level 9 in Fire Magic
 11729 | D:9      | Reached skill level 1 in Ice Magic
 11820 | D:9      | Reached XP level 11. HP: 22/64 MP: 2/21
 12200 | D:9      | Found a staircase to the Lair.
 12381 | D:9      | Reached skill level 1 in Long Blades
 12814 | D:9      | Found Noase's Jewellery Shop.
 12817 | D:9      | Bought a ring of fire for 400 gold pieces
 12817 | D:9      | Bought a ring of magical power for 320 gold pieces
 12870 | D:9      | Reached ** piety under Sif Muna
 13375 | D:10     | Entered Level 10 of the Dungeon
 14718 | D:10     | Noticed Nergalle
 14735 | D:10     | Killed Nergalle
 14736 | D:10     | Reached skill level 10 in Fire Magic
 15031 | D:11     | Found a staircase to the Orcish Mines.
 15182 | D:11     | Reached skill level 5 in Invocations
 15550 | D:11     | Noticed a cyclops
 15560 | D:11     | Killed a cyclops
 15737 | D:11     | Noticed a boulder beetle
 15750 | D:11     | Killed a boulder beetle
 15751 | D:11     | Reached XP level 12. HP: 41/70 MP: 11/24
 15936 | D:11     | Noticed Snorg
 15943 | D:11     | Killed Snorg
 16365 | D:11     | Reached *** piety under Sif Muna
 16808 | D:11     | Slain by a manticore

Illustrated notes

Levels and vault maps discovered:
D:1:      minmay_arrival_doors, layout_basic
D:2:      layout_basic, serial_co_window_serial, co_window_cross_1,
          co_window_cross_1, co_window_paths_b, co_window_paths_b,
          co_window_corner_a, co_window_paths_a, co_window_of_opportunity_a,
          co_window_2corner, co_window_corner_b, co_window_corner_cb,
          co_window_2corner, co_window_corner_ca, co_window_of_opportunity_b,
          glass_columns_a, glass_columns_c, glass_columns_b, basic_altar,
          basic_ecumenical_altar, uniq_crazy_yiuf_cottage
D:3:      layout_loops_ring, uniq_terence
D:4:      layout_loops_corners, kennysheep_small_spiral, uniq_natasha,
          uniq_pikel
D:5:      layout_gridville, chequers_serial_rivers_large_b
D:6:      layout_gridville, nicolae_gozag_zags_fifth_avenue, enter_ossuary_4,
          grunt_decor_arrowhead
D:7:      layout_loops_corners, minmay_temple_entry_trees, grunt_ministairs_3
D:8:      layout_basic, serial_bayou, serial_bayou_pond_e, serial_bayou_ford_a,
          serial_bayou_lagoon_a, serial_bayou_shore_b, serial_bayou_shore_a,
          nicolae_inconvenience_store, nicolae_straight_to_the_point,
          uniq_maurice, uniq_grum
D:9:      layout_gridville, minmay_lair_entry_grove, serial_shops,
          nicolae_shop_window_shopping, worms_lemuel, uniq_maggie
D:10:     layout_roguey, grunt_decor_clamped, dk_vineyard_2, uniq_nergalle
D:11:     layout_gridville, orc_0_dummy, uniq_snorg
Temple:   compressed_dpeg_triangle_lava_temple

Skill      XL: |  1  2  3  4  5  6  7  8  9 10 11 |
---------------+----------------------------------+-----
Stealth        | 3 4 5 |  5.8
Fire Magic     | 4 5 6 7 9 10 | 10.7
Fighting       | 1 2 |  2.2
Conjurations   | 2 3 4 5 6 7 |  7.7
Hexes          | 1 2 3 4 |  4.4
Short Blades   | 1 2 |  2.4
Spellcasting   | 3 4 5 6 7 8 |  8.3
Translocations | 1 2 3 4 |  4.8
Invocations    | 1 3 5 |  5.8
Dodging        | 3 4 |  4.0
Ice Magic      | 1 4 |  4.0
Long Blades    | 2 |  2.3
Shields        | |  0.2
Evocations     | |  0.5

Action                   |  1- 3 |  4- 6 |  7- 9 | 10-12 || total
-------------------------+-------+-------+-------+-------++-------
Melee: Unarmed           |     8 |       |       |       ||     8
       Constrict         |     7 |    22 |    15 |     5 ||    49
       Tentacles         |     4 |    17 |    13 |     9 ||    43
       Dagger            |    11 |    58 |    66 |    14 ||   149
       Demon blade       |       |       |       |    30 ||    30
 Cast: Foxfire           |    47 |   122 |   192 |   222 ||   583
       Inner Flame       |       |       |    18 |    40 ||    58
       Conjure Flame     |       |       |     8 |     1 ||     9
       Blink             |       |       |     2 |     9 ||    11
       Scorch            |       |       |    15 |     7 ||    22
       Flame Wave        |       |       |       |     5 ||     5
       Ozocubu's Armour  |       |       |       |     2 ||     2
       Fulminant Prism   |       |       |       |     1 ||     1
Evoke: Wand              |       |       |       |     9 ||     9
  Use: Scroll            |       |     2 |     6 |    13 ||    21
       Potion            |       |     1 |     1 |     2 ||     4
 Stab: Sleeping          |     2 |     8 |     9 |     4 ||    23
Armor: Skin              |     3 |     8 |     2 |     4 ||    17
Dodge: Dodged            |    13 |    24 |    72 |    63 ||   172
Block: Other             |       |       |       |    15 ||    15
       Reflection        |       |       |       |     3 ||     3

Table legend: (Time is in decaauts)
 A = Elapsed time spent in this place.
 B = Non-inter-level travel time spent in this place.
 C = Inter-level travel time spent in this place.
 D = Time resting spent in this place.
 E = Time spent auto-exploring this place.
 F = Levels seen in this place.
 G = Mean time per level.
                   A        B        C        D        E       F      G
               +--------+--------+--------+--------+--------+-----+--------+
         Total |  16792 |  16264 |    528 |   1414 |  11187 |  13 | 1291.7 |
       Dungeon |  15488 |  14970 |    518 |   1224 |  10549 |  11 | 1408.0 |
        Temple |     64 |     54 |     10 |      0 |     30 |   1 |   64.0 |
       Ossuary |   1239 |   1239 |      0 |    190 |    608 |   1 | 1239.0 |
               +--------+--------+--------+--------+--------+-----+--------+

Top non-repeatable levels by time:
    D:11: 2156 daAuts
     D:2: 1958 daAuts
     D:9: 1769 daAuts
     D:8: 1531 daAuts
     D:4: 1464 daAuts
     D:5: 1430 daAuts
     D:7: 1265 daAuts
    D:10: 1258 daAuts
 Ossuary: 1239 daAuts
     D:1: 984 daAuts
     D:6: 852 daAuts
     D:3: 815 daAuts
  Temple: 64 daAuts
